 Dungeon Crawl Stone Soup version 0.21-a0-265-gb353147 (console) character file.

3 removed the Stinger (level 1, 0/14 HPs)
             Began as a Demigod Venom Mage on Sept 10, 2017.
             Slain by a rat (1 damage)
             ... on level 1 of the Dungeon.
             The game lasted 00:00:19 (157 turns).

removed the Stinger (Demigod Venom Mage)             Turns: 157, Time: 00:00:20

Health: 0/14       AC:  2    Str: 11    XL:     1   Next: 33%
Magic:  1/5        EV: 12    Int: 19    God:
Gold:   11         SH:  0    Dex: 16    Spells: 2/3 levels left

rFire    . . .     SeeInvis +   (no weapon)
rCold    . . .     Gourm    .   (no shield)
rNeg     . . .     Faith    .   a - +0 robe
rPois    .         Spirit   .   (no helmet)
rElec    .         Reflect  .   (no cloak)
rCorr    .         Harm     .   (no gloves)
MR       .....                  (no boots)
Stlth    ++........             (no amulet)
HPRegen  0.04/turn              d - ring of see invisible
MPRegen  0.09/turn              (no ring)

@: very slightly contaminated
A: high mp 1
a: no special abilities


You were on level 1 of the Dungeon.
You were not hungry.

You visited 1 branch of the dungeon, and saw 1 of its levels.

You collected 11 gold pieces.

Inventory:

Armour
 a - a +0 robe (worn)
Jewellery
 d - a ring of see invisible (left hand)
Scrolls
 h - a scroll of fog {unknown}
Potions
 g - a potion of cancellation {unknown}
Books
 b - a Young Poisoner's Handbook

   Spells                             Type                      Level
   a - Sting                          Conjuration/Poison           1
   b - Poisonous Vapours              Poison/Air                   2
   c - Mephitic Cloud                 Conjuration/Poison/Air       3
   d - Olgreb's Toxic Radiance        Poison                       4
   e - Venom Bolt                     Conjuration/Poison           5
Comestibles
 c - a bread ration
 f - a chunk of flesh


   Skills:
 - Level 1.7 Dodging
 - Level 1.7 Stealth
 - Level 1.7 Spellcasting
 + Level 1.3 Conjurations
 - Level 2.6 Poison Magic


You had 2 spell levels left.
You knew the following spells:

 Your Spells              Type           Power        Failure   Level  Hunger
a - Sting                 Conj/Pois      #...         8%          1    #......


Dungeon Overview and Level Annotations

Branches:
Dungeon (1/15)


Innate Abilities, Weirdness & Mutations

You have an increased reservoir of magic. (+10% MP)


Message History

You hit the rat but do no damage. The rat misses you.
The rat bites you but does no damage.
You barely miss the rat. The rat bites you. x2
You are too injured to fight recklessly!
You closely miss the rat. The rat bites you.
* * * LOW HITPOINT WARNING * * *
The rat bites you but does no damage.
You are too injured to fight recklessly!
You hit the rat but do no damage. The rat misses you. The rat bites you.
* * * LOW HITPOINT WARNING * * *
You hit the rat but do no damage. The rat bites you but does no damage.
The rat barely misses you. The rat closely misses you.
You hit the rat but do no damage. The rat misses you. The rat bites you.
* * * LOW HITPOINT WARNING * * *
The rat closely misses you.
You closely miss the rat. The rat closely misses you.
The rat barely misses you. x2
You hit the rat but do no damage. The rat closely misses you.
The rat bites you.
You die...

#######
###.?.r.##
#...r@r.$#
#.........#
#..##...### #..
##### ##+#+# #.
#....#
###.###..<.#
#.....##.######
#.##..........


You could see 3 rats.

Vanquished Creatures
  A ball python (D:1)
  A bat (D:1)
  A frilled lizard (D:1)
  2 rats (D:1)
5 creatures vanquished.

Notes
Turn   | Place    | Note
-------+----------+-------------------------------------------
     0 | D:1      | removed the Demigod Venom Mage began the quest for the Orb.
     0 | D:1      | Reached XP level 1. HP: 14/14 MP: 5/5
    40 | D:1      | Reached skill level 1 in Conjurations
   157 | D:1      | Slain by a rat

Vault maps used:
D:1:      dpeg_arrival_ratfight, nemelex_xobeh_ov_fountains_minmay

Skill      XL: |  1 |
---------------+----+-----
Conjurations   | 1 |  1.3
Dodging        | |  1.7
Stealth        | |  1.7
Spellcasting   | |  1.7
Poison Magic   | |  2.6

Action                   || total
-------------------------++-------
Melee: Unarmed           ||    13
 Cast: Sting             ||    10
Armor: Robe              ||    11
Dodge: Dodged            ||    22

Table legend:
 A = Spawn XP
 B = Non-spawn XP
 C = Spawn XP percentage of total XP
 D = Spawn monster count
 E = Non-spawn monster count
 F = Spawn count percentage of total count
 G = Total turns spent on level
                    A         B        C        D         E        F      G
               +---------+---------+-------+---------+---------+-------+---------
         Total |       0 |       5 |   0.0 |       0 |       5 |   0.0 |   157
               +---------+---------+-------+---------+---------+-------+---------
           D:1 |       0 |       5 |   0.0 |       0 |       5 |   0.0 |   157
               +---------+---------+-------+---------+---------+-------+---------
